 Dungeon Crawl Stone Soup version 0.15-a0-1537-ge1f089e (webtiles) character file.

94 Crauler the Insei (level 4, -3/35 HPs)
             Began as a Demonspawn Monk on June 16, 2014.
             Slain by a centaur skeleton (4 damage)
             ... on Level 3 of the Dungeon.
             The game lasted 00:06:53 (2777 turns).

Crauler the Insei (Demonspawn Monk)                 Turns: 2777, Time: 00:06:53

HP  -3/35        AC  6     Str 12      XL: 4   Next: 38%
MP   0/4         EV  9     Int 12      God:
Gold 100         SH  0     Dex 15      Spells:  0 memorised,  3 levels left

rFire  . . .     SeeInvis .       - Unarmed
rCold  + . .     Clarity  .     g - +1 ring mail {rPois}
rNeg   . . .     rCorr    .     (no shield)
rPois  +         rRot     .     (no helmet)
rElec  .         Spirit   +     (no cloak)
SustAb .         Warding  .     (no gloves)
rMut   .         Stasis   .     (no boots)
Gourm  .                        k - amulet of guardian spirit
MR     .....                    (no ring)
                                j - ring of flight

@: not resistant to hostile enchantments, very unstealthy
A: talons 2, cold resistance 1
a: Evoke Flight


You were on level 3 of the Dungeon.
You were hungry.

You visited 1 branch of the dungeon, and saw 3 of its levels.

You collected 100 gold pieces.

Inventory:

Missiles
 i - 40 poisoned needles
Armour
 a - a +0 robe
 g - a +1 ring mail of poison resistance (worn)
 m - a +0 chain mail
Comestibles
 b - 3 bread rations
 c - 6 fruits
Scrolls
 d - a scroll of remove curse {unknown}
 e - a scroll of magic mapping {unknown}
 f - a scroll of enchant armour {unknown}
 h - a scroll of teleportation {unknown}
Jewellery
 j - a ring of flight (left hand)
 k - an amulet of guardian spirit (around neck)
Potions
 l - a potion of heal wounds {unknown}
 n - a potion of curing


   Skills:
 + Level 3.4 Fighting
 + Level 1.4 Armour
 * Level 3.1 Dodging
 - Level 2.0 Stealth
 * Level 4.3 Unarmed Combat


You had 3 spell levels left.
You didn't know any spells.

Dungeon Overview and Level Annotations

Branches:
Dungeon (3/15)

Altars:


Innate Abilities, Weirdness & Mutations

You have razor-sharp toenails.
Your flesh is cold resistant.


Message History

The centaur skeleton closely misses you.
The hobgoblin barely misses you. The centaur skeleton hits you.
You completely miss the centaur skeleton.
You claw the centaur skeleton. The centaur skeleton hits you.
The hobgoblin hits you.
* * * LOW HITPOINT WARNING * * *
You hit the centaur skeleton but do no damage.
The centaur skeleton hits you but does no damage.
The hobgoblin hits you.
* * * LOW HITPOINT WARNING * * *
You hit the centaur skeleton but do no damage.
You claw the centaur skeleton! The centaur skeleton hits you.
* * * LOW HITPOINT WARNING * * *
The hobgoblin hits you but does no damage.
You punch the centaur skeleton!
The centaur skeleton closely misses you.
You hit the centaur skeleton. The centaur skeleton hits you.
* * * LOW HITPOINT WARNING * * *
The hobgoblin barely misses you. The centaur skeleton hits you.
You die...

..........#
..........+
...........#
........<..#
...........#
..........#
..........#
........Zg#
##.......@#
##########


You could see a hobgoblin and a centaur skeleton.

Vanquished Creatures
  Terence (D:2)
  3 adders
  2 worms (D:2)
  An ooze (D:3)
  3 giant cockroaches
  8 goblins
  6 hobgoblins
  3 kobolds
  3 bats
  A giant gecko (D:1)
  2 giant newts (D:2)
  7 rats
40 creatures vanquished.

Notes
Turn   | Place    | Note
--------------------------------------------------------------
     0 | D:1      | Crauler, the Demonspawn Monk, began the quest for the Orb.
     0 | D:1      | Reached XP level 1. HP: 18/18 MP: 1/1
   477 | D:1      | Gained mutation: You have sharp toenails. [demonic ancestry]
   477 | D:1      | Reached XP level 2. HP: 16/24 MP: 2/2
   759 | D:1      | Reached skill level 4 in Unarmed Combat
  1350 | D:2      | Gained mutation: You have razor-sharp toenails. [demonic ancestry]
  1350 | D:2      | Reached XP level 3. HP: 29/29 MP: 3/3
  1405 | D:2      | Noticed Terence
  1429 | D:2      | Killed Terence
  2031 | D:2      | Reached skill level 1 in Armour
  2419 | D:2      | Gained mutation: Your flesh is cold resistant. [demonic ancestry]
  2419 | D:2      | Reached XP level 4. HP: 13/35 MP: 1/4
  2777 | D:3      | HP: 1/35 [centaur skeleton (4)]
  2777 | D:3      | Slain by a centaur skeleton

Action                   |  1- 3 |  4- 6 || total
-------------------------+-------+-------++-------
Melee: Unarmed           |   124 |    28 ||   152
  Use: Potion            |     3 |       ||     3
 Stab: Sleeping          |     2 |       ||     2
